 Dungeon Crawl Stone Soup version 0.29.1-1-gd02db6906a (webtiles) character file.

Game seed: 17931994013441329063

70 Demigod47 the Covered (level 4, -1/40 HPs)
             Began as a Minotaur Fighter on Oct 9, 2022.
             Slain by a goblin
             ... wielding a +0 dagger
             ... led by Robin
              (4 damage)
             ... on level 2 of the Dungeon.
             The game lasted 00:05:14 (2084 turns).

Demigod47 the Covered (Minotaur Fighter)            Turns: 2084, Time: 00:05:15

Health: -1/40      AC:  8    Str: 20    XL:     4   Next: 3%
Magic:  3/3        EV:  8    Int:  5    God:
Gold:   119        SH:  8    Dex: 10    Spells: 3/3 levels left

rFire   . . .      SeeInvis .   a - +0 flail
rCold   . . .      Faith    .   h - +0 kite shield
rNeg    . . .      Spirit   .   b - +0 scale mail
rPois   .          Reflect  .   (helmet restricted)
rElec   .          Harm     .   (no cloak)
rCorr   .          Rampage  .   r - +0 pair of gloves
Will    +....                   (no boots)
Stlth   ..........              (no amulet)
HPRegen 0.13/turn               s - ring of willpower
MPRegen 0.08/turn               (no ring)

@: no status effects
A: horns 2, retaliatory headbutt, weak 1, MP-powered wands
a: no special abilities


You were on level 2 of the Dungeon.
You visited 1 branch of the dungeon, and saw 2 of its levels.

You collected 119 gold pieces.

Inventory:

Hand Weapons
 a - a +0 flail (weapon)
Armour
 b - a +0 scale mail (worn)
 c - a +0 buckler
 h - a +0 kite shield (worn)
 r - a +0 pair of gloves (worn)
Jewellery
 s - a ring of willpower (left hand)
Scrolls
 e - a scroll of magic mapping
 f - a scroll of torment
 j - 2 scrolls of fear
 k - a scroll of butterflies {unknown}
 l - a scroll of vulnerability {unknown}
 n - a scroll of teleportation {unknown}
 p - a scroll of enchant armour {unknown}
Potions
 d - a potion of might
 q - a potion of brilliance


   Skills:
 + Level 4.1 Fighting
 + Level 3.4 Maces & Flails
 + Level 4.4 Armour
 + Level 0.1 Dodging
 + Level 4.3 Shields


You had 3 spell levels left.
You didn't know any spells.
Your spell library contained the following spells:

 Spells                   Type           Power      Damage    Failure   Level
 Sandblast                Erth           0%         2d4       99%         1
 Passwall                 Tmut/Erth      0%         N/A       100%        2
 Stone Arrow              Conj/Erth      0%         3d7       100%        3


Dungeon Overview and Level Annotations

Branches:
Dungeon (2/15)

Altars:

Annotations:
D:2 Robin


Innate Abilities, Weirdness & Mutations

You have a pair of horns on your head.
You reflexively headbutt those who attack you in melee.
You are weak. (Str -2)
You expend magic power (3 MP) to strengthen your wands.


Message History

You hit the goblin.
You kill the goblin!
Robin roars a battlecry!
The goblin hits you but does no damage.
You barely miss the goblin. You headbutt the goblin.
You kill the goblin!
Robin throws the goblin at you! The goblin hits you with a +0 dagger.
The goblin hits you but does no damage. The goblin hits you with a +0 dagger.
* * * LOW HITPOINT WARNING * * *
The goblin misses you. You furiously retaliate!
You headbutt the goblin!
You kill the goblin!
You have reached level 4!
You feel agile.
It was a potion of invisibility.
You fade into invisibility!
The goblin no longer looks unusually strong.
The hobgoblin barely misses you. The goblin hits you but does no damage.
The goblin shoots a sling bullet.
The sling bullet hits the hobgoblin.
The hobgoblin dies!
It was a potion of cancellation.
Your magical effects are unravelling.
You feel magically purged.
You flicker back into view.
The goblin no longer looks unusually strong.
The goblin hits you but does no damage.
The goblin shoots a sling bullet.
The sling bullet closely misses you.
You hit the goblin but do no damage.
Robin roars a battlecry!
The goblins go into a battle-frenzy!
The goblin hits you with a +0 dagger.
* * * LOW HITPOINT WARNING * * *
The goblin shoots a sling bullet.
The sling bullet hits you.
* * * LOW HITPOINT WARNING * * *
As you read the scroll labelled GONLANOTESCH, it crumbles to dust.
You feel a surge of unholy energy.
Robin convulses!
The goblin convulses! x2
It was a scroll of torment.
The goblin hits you but does no damage.
The air fills with toxic fumes!
As you read the scroll labelled SOATZY FAMI, it crumbles to dust.
It was a scroll of poison.
The goblin hits you with a +0 dagger.
You die...

. . .. ###########..
..§#............
..§§§...........
...§§§.g.g......
.....§§..†g.....
#######§#####... #gg@# #
###g### # +. #§§.##+#.# .
#.#######§.#.#.# ######
..#........§§......
...... #..........§#.####
#####. #..........§§.#
########.
#..........#§§###........
#.................#######


You could see Robin and 2 goblins.

Vanquished Creatures
  2 adders (D:2)
  2 worms (D:2)
  2 dart slugs (D:2)
  2 bats (D:1)
  2 endoplasms
  A giant cockroach (D:2)
  2 hobgoblins
  5 kobolds
  2 quokkas (D:1)
  4 ball pythons
  A frilled lizard (D:2)
  11 goblins
  3 rats
39 creatures vanquished.

Vanquished Creatures (others)
  A hobgoblin (D:2)
  A plant (D:1)
2 creatures vanquished.

Grand Total: 41 creatures vanquished

Notes
Turn   | Place    | Note
-------+----------+-------------------------------------------
     0 | D:1      | Demigod47 the Minotaur Fighter began the quest for the Orb.
     0 | D:1      | Reached XP level 1. HP: 19/19 MP: 0/0
   546 | D:1      | Found a faded altar of an unknown god.
   653 | D:1      | Reached XP level 2. HP: 22/27 MP: 1/1
  1220 | D:1      | Gained mutation: You are weak. (Str -2) [potion of
                  | mutation]
  1220 | D:1      | Gained mutation: You expend magic power (3 MP) to
                  | strengthen your wands. [potion of mutation]
  1503 | D:2      | Reached XP level 3. HP: 33/33 MP: 2/2
  2064 | D:2      | Noticed Robin
  2080 | D:2      | Reached XP level 4. HP: 12/40 MP: 3/3
  2084 | D:2      | Slain by a goblin

Illustrated notes

Levels and vault maps discovered:
D:1:      dpeg_arrival_rhombus, layout_basic, basic_ecumenical_altar,
          chequers_big_river
D:2:      layout_basic, minmay_unequal, uniq_robin

Skill      XL: |  1  2  3 |
---------------+----------+-----
Shields        | 4 |  4.3
Fighting       | 4 |  4.1
Armour         | 4 |  4.4
Maces & Flails | 3 |  3.4
Dodging        | |  0.1

Action                   |  1- 3 |  4- 6 || total
-------------------------+-------+-------++-------
Melee: Flail             |    78 |     1 ||    79
       Headbutt          |    11 |       ||    11
  Use: Potion            |     3 |     2 ||     5
       Scroll            |     3 |     2 ||     5
Armor: Scale mail        |    59 |     3 ||    62
Dodge: Dodged            |    50 |     2 ||    52
Block: Buckler           |    11 |       ||    11
       Kite shield       |    34 |       ||    34
